AoeStats
← 神圣罗马帝国 | Holy Roman

African Clearing

510949449Analyzed
4v4 RM · 10h ago on Oct 3, 2026· 45m 46s· 8 players
Game mode
Random Map
Map size
Large (8 player)
Population
200
Speed
Normal
Resources
Standard
Victory
Conquest
Starting age
Dark Age
Ending age
Imperial Age
RankedLock teamsTeams togetherTeam positionsShared explorationLock speedFull tech treeHidden civsTurbo modeCheats
Victory
Defeat
🇦🇷 Mongols · Argentina
1343
+16
🇨🇳 Vikings · China
1338
+17
1303
+18
🇭🇰 Danes · Hong Kong SAR China
1299
+18
🇨🇴 Varangians · Colombia
1565
-26
🇦🇷 Japanese · Argentina
1494
-23
🇺🇾 Vietnamese · Uruguay
1204
-11
🇦🇷 Chinese · Argentina
1138
-9
神圣罗马帝国 | Holy Roman
6:59 Loom
14:12 Feudal Age
15:44 Double-Bit Axe
23:09 Castle Age
26:21 Gold Mining
28:09 Wheelbarrow
30:29 Fletching
39:37 Stone Mining
45:28 Padded Archer Armor
45:41 Forging
Theodore
11:29 Loom
13:49 Feudal Age
17:31 Castle Age
15:37 Double-Bit Axe
15:37 Horse Collar
19:20 Town Watch
25:49 Bow Saw
26:25 Squires
26:26 Scale Mail Armor
29:01 Chain Mail Armor
29:50 Forging
31:10 Arson
38:16 Imperial Age
38:05 Wheelbarrow
37:33 Heavy Plow
38:59 Hamask
40:38 Plate Mail Armor
39:48 Elite Varangian Guard
41:30 Iron Casting
41:20 Gold Mining
44:04 Blast Furnace
44:45 Siege Engineers
44:54 Capped Ram
46:14 Stone Mining
47:00 Gold Shaft Mining
封不觉
3:08 Loom
14:07 Feudal Age
14:15 Man-at-Arms
15:14 Double-Bit Axe
17:47 Scale Mail Armor
17:58 Forging
20:14 Arson
26:47 Town Watch
29:32 Castle Age
31:31 Bow Saw
32:23 Gold Mining
32:30 Stone Mining
36:23 Town Patrol
39:09 Horse Collar
41:01 Squires
41:30 Heavy Plow
44:05 Gold Shaft Mining
43:58 Squires
45:15 Chieftains
CcCcCcCcCcCcCcCc
14:23 Feudal Age
13:09 Loom
15:04 Town Watch
15:06 Double-Bit Axe
17:55 Castle Age
16:14 Stone Mining
24:34 Fletching
25:25 Horse Collar
30:19 Heavy Plow
33:29 Wheelbarrow
33:46 Bodkin Arrow
34:41 Padded Archer Armor
35:13 Hand Cart
35:56 Fishing Lines
39:18 Imperial Age
37:31 Gold Mining
38:18 Stone Shaft Mining
38:16 Bow Saw
39:00 Gillnets
39:38 Leather Archer Armor
40:02 Gold Shaft Mining
40:34 Thumb Ring
40:58 Bracer
40:32 Sappers
41:23 Conscription
41:51 Bloodlines
41:42 Husbandry
43:03 Parthian Tactics
42:53 Town Patrol
42:22 Elite Mangudai
43:35 Ballistics
44:16 Chemistry
43:10 Capped Ram
44:44 Siege Ram
Rabanito
3:30 Loom
12:40 Feudal Age
13:51 Double-Bit Axe
16:05 Bloodlines
17:45 Horse Collar
24:22 Scale Barding Armor
26:07 Forging
26:34 Town Watch
29:23 Castle Age
28:35 Fishing Lines
30:58 Bow Saw
33:43 Gillnets
33:51 Light Cavalry
35:54 Chain Barding Armor
36:05 Husbandry
39:06 Wheelbarrow
39:32 Iron Casting
41:36 Hand Cart
46:44 Imperial Age
44:54 Town Patrol
Destruidora de Sueño
4:13 Loom
14:37 Feudal Age
19:04 Castle Age
17:41 Double-Bit Axe
20:25 Fletching
30:06 Bodkin Arrow
30:59 Ballistics
34:21 Yasama
37:37 Guard Tower
40:48 Wheelbarrow
41:34 Masonry
41:41 Stone Mining
44:02 Padded Archer Armor
44:20 Bow Saw
43:45 Elite Skirmisher
44:31 Thumb Ring
47:56 Imperial Age
BoxStars
2:52 Loom
12:06 Feudal Age
16:07 Castle Age
15:01 Double-Bit Axe
16:04 Stone Mining
25:28 Fletching
31:34 Bodkin Arrow
32:51 Padded Archer Armor
36:12 Wheelbarrow
41:29 Leather Archer Armor
[SotC] Tupamaro
5:49 Loom
13:19 Feudal Age
11:38 Loom
13:24 Feudal Age
17:34 Castle Age
15:23 Double-Bit Axe
15:18 Horse Collar
15:34 Stone Mining
16:11 Fletching
25:28 Bow Saw
26:42 Horse Collar
29:39 Bodkin Arrow
30:11 Padded Archer Armor
34:19 Wheelbarrow
36:36 Leather Archer Armor
36:38 Hand Cart
42:59 Imperial Age
43:05 Imperial Age
42:51 Ballistics
43:33 Scale Barding Armor
43:39 Forging
44:33 Bloodlines
44:23 Husbandry
44:45 Chain Barding Armor
44:12 Light Cavalry
44:54 Bracer
45:24 Ring Archer Armor
44:39 Elite Rattan Archer
46:37 Chemistry
Connection lost

Rejoining the realm…

Still unreachable

The connection could not be restored.

Session expired

The server has moved on; the page needs a fresh start.